 Dungeon Crawl Stone Soup version 0.29-a0-90-gc37658a0fe (webtiles) character file.

Game seed: 2381275453277214175

66228 kae the Grappler (level 14, -15/122 HPs)
             Began as a Green Draconian Transmuter on Feb 6, 2022.
             Was an Elder of Ru.
             Demolished by an orc warrior (24 damage)
             ... led by an orc warlord
             ... on level 2 of the Orcish Mines.
             The game lasted 00:18:21 (33617 turns).

kae the Grappler (Green Draconian Transmuter)      Turns: 33617, Time: 00:18:22

Health: -15/122    AC: 12    Str: 16    XL:     14   Next: 78%
Magic:  25/27      EV: 15    Int: 15    God:    Ru [****..]
Gold:   1943       SH:  5    Dex: 12    Spells: 19/32 levels left

rFire   . . .      SeeInvis .     - Unarmed
rCold   . . .      Faith    .   (shield currently unavailable)
rNeg    . . .      Spirit   .   (armour unavailable)
rPois   +          Reflect  +   (helmet restricted)
rElec   .          Harm     .   (no cloak)
rCorr   .          Rampage  .   (gloves currently unavailable)
Will    ++...                   (no boots)
Stlth   +.........              n - amulet of reflection
HPRegen 0.30/turn               i - +4 ring of protection
MPRegen 0.20/turn               m - ring of willpower

@: about to teleport, blade hands, unable to drink, studying Staves
A: breathe noxious fumes, AC +8, unfitting armour, stinger 1, poison resistance,
cold-blooded, inability to drink while threatened, inability to use devices, no
conjurations magic, no hexes magic, no poison magic
a: Breathe Noxious Fumes, End Transformation, Renounce Religion, Draw Out Power,
Power Leap


You were on level 2 of the Orcish Mines.
You worshipped Ru.
Ru was greatly pleased with you.
You had blades for hands.
You visited 4 branches of the dungeon, and saw 22 of its levels.
You also visited: Bailey.

You collected 2122 gold pieces.
You spent 179 gold pieces at shops.

Inventory:

Missiles
 F - 4 throwing nets
Armour
 E - a +1 pair of gloves of hurling (melded)
Jewellery
 b - an amulet of the acrobat
 i - a +4 ring of protection (left blade hand)
 m - a ring of willpower (right blade hand)
 n - an amulet of reflection (around neck)
 u - a +6 ring of dexterity
 A - a ring of magical power
 B - a ring of resist corrosion
 H - a +4 ring of slaying
 K - a ring of see invisible
Wands
 f - a wand of iceblast (25)
 l - a wand of charming (11)
 p - a wand of polymorph (7)
Scrolls
 a - 4 scrolls of enchant armour
 o - a scroll of amnesia
 r - 5 scrolls of enchant weapon
 s - 2 scrolls of brand weapon
 t - 3 scrolls of summoning
 y - 3 scrolls of teleportation
 C - 4 scrolls of vulnerability
 G - 4 scrolls of identify
 I - a scroll of torment
 J - a scroll of holy word
 L - a scroll of fear
 M - 3 scrolls of blinking
Potions
 c - 2 potions of resistance
 d - 2 potions of magic
 e - 4 potions of haste
 g - 5 potions of curing
 h - 6 potions of cancellation
 j - 7 potions of heal wounds
 k - 4 potions of mutation
 q - a potion of experience
 v - a potion of berserk rage
 w - 3 potions of invisibility
 x - a potion of degeneration
 z - 2 potions of ambrosia
 D - a potion of flight


   Skills:
 + Level 10.9 Fighting
 + Level 9.4 Dodging
 * Level 14.3 Unarmed Combat
 + Level 9.5 Spellcasting
 * Level 14.1 Transmutations
 - Level 5.0 Ice Magic


You had 19 spell levels left.
You knew the following spells:

 Your Spells              Type           Power      Damage    Failure   Level
a - Beastly Appendage     Tmut           98%        N/A       4%          1
b - Spider Form           Tmut/Pois      28%        N/A       19%         3
c - Ice Form              Ice/Tmut       35%        N/A       21%         4
d - Blade Hands           Tmut           24%        N/A       14%         5

Your spell library contained the following spells:

 Spells                   Type           Power      Damage    Failure   Level
 Wereblood                Tmut           49%        N/A       5%          2
 Summon Small Mammal      Summ           28%        N/A       47%         1
 Call Canine Familiar     Summ           7%         N/A       73%         3
 Passage of Golubria      Tloc           7%         N/A       96%         4
 Summon Forest            Summ/Tloc      3%         N/A       100%        5
 Summon Cactus Giant      Summ           3%         N/A       100%        6
 Disjunction              Tloc           3%         N/A       100%        8
 Ignition                 Fire           3%         3d4       100%        8
 Yara's Violent Unravell  Hex/Tmut       Unusable   3d7       N/A         5
 Stone Arrow              Conj/Erth      Unusable   3d7       N/A         3
 Summon Guardian Golem    Hex/Summ       Unusable   N/A       N/A         3
 Tukima's Dance           Hex            Unusable   N/A       N/A         3
 Animate Armour           Summ/Erth      Unusable   N/A       N/A         4
 Fireball                 Conj/Fire      Unusable   3d4       N/A         5
 Summon Mana Viper        Hex/Summ       Unusable   N/A       N/A         5
 Conjure Ball Lightning   Conj/Air       Unusable   3x3d6     N/A         6
 Iron Shot                Conj/Erth      Unusable   9d2       N/A         6
 Starburst                Conj/Fire      Unusable   6d3       N/A         6
 Discord                  Hex            Unusable   N/A       N/A         8
 Lehudib's Crystal Spear  Conj/Erth      Unusable   10d3      N/A         8

Dungeon Overview and Level Annotations

Branches:
Dungeon (13/15)            Temple (1/1) D:7            Lair (6/6) D:10
 Shoals (0/4) Lair:2       Spider (0/4) Lair:4        Slime (0/5) Lair:6
    Orc (2/2) D:9          Vaults (0/5) D:13         Bailey (visited)
    Elf: Orc:2

Altars:
Ashenzari
Cheibriados
Dithmenos
Elyvilon
Fedhas
Gozag
Hepliaklqana
Kikubaaqudgha
Makhleb
Nemelex Xobeh
Okawaru
Qazlal
Ru
Sif Muna
Trog
Uskayaw
Vehumet
Wu Jian
Xom
Yredelemnul
Zin
The Shining One
Jiyva

Shops:
D:8 [!!(   D:11 *   Orc:1 ?

Annotations:
D:3 3 runed translucent doors, Ajdolov's ghost, amateur NaIE
D:8 1 transporter
D:9 3 runed translucent doors, Domino's ghost, novice MiBe
Lair:2 2 transporters
Lair:6 1 runed translucent door


Innate Abilities, Weirdness & Mutations

You have blades for hands.
Your spellcasting is less reliable in this form.
You are incapable of wielding weapons or throwing items.
You can breathe blasts of noxious fumes.
Your lurid green scales are hard. (AC +8)
You cannot fit into any form of body armour.
Your tail ends in a venomous barb.
Your system is resistant to poisons. (rPois)
You are cold-blooded and may be slowed by cold attacks.
You sometimes lose the ability to drink potions when taking damage.
You cannot study or use magical devices.
You cannot study or cast Conjurations magic.
You cannot study or cast Hexes magic.
You cannot study or cast Poison magic.


Message History

You are too injured to fight recklessly!
You are too injured to fight recklessly!
You are too injured to fight recklessly!
You slice the orc warlord!!
The orc warlord is almost dead.
The warg bites you but does no damage. The orc warlord barely misses you.
The orc warrior is stunned by your conviction and fails to attack.
The warg misses you.
You hit the orc warlord.
You slash the orc warlord, but do no damage.
The orc warlord is almost dead.
The orc warrior barely misses you. The warg bites you.
You slash the orc warlord!
You kill the orc warlord!
The warg is stunned by your conviction and fails to attack.
The orc warrior barely misses you. The warg bites you!
As you read the scroll of teleportation, it crumbles to dust.
You feel strangely unstable. The warg completely misses you.
You block the orc's attack.
The orc priest begins to pray, but is stunned by your conviction!
Something hits you.
You focus your inner power and illuminate something in retribution!
The warg misses you. The orc warrior closely misses you.
The warg barely misses you.
You slice the orc warrior!!
The orc warrior is almost dead.
The orc hits you with a +0 club. You block the warg's attack.
The orc wizard closely misses you.
The orc warrior hits you with a +0 long sword!!
* * * LOW HITPOINT WARNING * * *
The warg misses you. The orc warrior barely misses you.
You slash the orc priest!
The orc priest is heavily wounded.
The orc priest calls down the wrath of Beogh upon you.
Beogh smites you!
* * * LOW HITPOINT WARNING * * *
The warg closely misses you. The orc misses you.
The orc wizard hits you but does no damage.
The orc warrior hits you with a +0 long sword!!
You die...

#...................
#...................
#...................
##..................
###................
##.......... ..
#.......... ...
##oo....... ...
#o@oo...... ...
#.hoh....... ...
#........... ...
##.......... ...
.......... ...
#..........
##.........
..........


You could see 2 wargs, 2 orc warriors, an orc priest (strong), an orc wizard
(strong, invisible, corona) and 2 orcs.

Vanquished Creatures
  Jorgrun (Orc:1)
  Gastronok (D:8)
  An orc warlord (Orc:2)
  Josephine (Orc:2)
  A fire dragon (Lair:6)
  Harold (Lair:2)
  2 boulder beetles
  7 hydras
  Erolcha (D:9)
  3 centaur warriors (D:13)
  5 two-headed ogres
  A swamp dragon (Lair:6)
  2 deep elf pyromancers (D:13)
  A wizard (D:13)
  Pikel (D:6)
  6 orc knights
  7 cyclopes
  3 manticores
  An ugly thing (D:13)
  2 merfolk sirens (Lair:2)
  Joseph (D:7)
  12 elephants
  A black mamba (Lair:6)
  2 gargoyles
  5 cane toads
  A rime drake (Lair:4)
  3 kobold demonologists
  5 komodo dragons
  An efreet (D:13)
  2 trolls
  9 polar bears (Lair:6)
  Prince Ribbit (Lair:1)
  A hornet (D:11)
  21 blink frogs
  3 slime creatures
  A dream sheep (Lair:6)
  2 raiju (Lair:6)
  5 culicivoras (Lair:4)
  10 wraiths
  A vampire (D:11)
  2 basilisks
  A steam dragon (Lair:6)
  23 yaks
  4 vampire mosquitoes
  8 wargs
  15 hell hounds (Lair:6)
  11 water moccasins
  3 acid dragons
  4 swamp drakes (Lair:6)
  41 orc warriors
  3 sky beasts
  13 black bears
  15 wolves
  3 ogres
  16 centaurs
  A phantom (D:4)
  6 kobold brigands
  9 bullfrogs
  A gnoll sergeant (D:7)
  A wyvern zombie (D:7)
  14 killer bees
  5 electric eels
  3 wights (D:7)
  4 howler monkeys
  2 bullfrog zombies
  7 centaur zombies
  17 orc priests
  4 jellies
  3 hounds
  8 iguanas
  22 orc wizards
  A killer bee zombie (D:8)
  A hound skeleton (D:4)
  2 howler monkey zombies
  5 adders
  3 gnolls (D:7)
  A shadow imp (D:6)
  An adder skeleton (D:4)
  3 dart slugs
  83 orcs
  2 endoplasms
  2 giant cockroaches
  7 goblins
  6 hobgoblins
  30 kobolds
  5 quokkas
  3 ball pythons
  6 bats
  3 frilled lizards
  5 rats
573 creatures vanquished.

Vanquished Creatures (others)
  A wyvern (Lair:6)
  An orc warrior (Orc:2)
  A wolf (Lair:6)
  A shadow imp (D:7)
  2 orcs
  12 fungi
  57 plants
75 creatures vanquished.

Grand Total: 648 creatures vanquished

Notes
Turn   | Place    | Note
-------+----------+-------------------------------------------
     0 | D:1      | kae the Draconian Transmuter began the quest for the Orb.
     0 | D:1      | Reached XP level 1. HP: 16/16 MP: 3/3
   344 | D:1      | Reached XP level 2. HP: 23/23 MP: 3/5
   523 | D:1      | Found a faded altar of an unknown god.
  1123 | D:2      | Reached XP level 3. HP: 28/28 MP: 4/6
  1127 | D:2      | Learned a level 3 spell: Spider Form
  1745 | D:2      | Found a shimmering blue altar of Sif Muna.
  2527 | D:3      | Noticed Ajdolov's ghost (amateur NaIE)
  2528 | D:3      | Found a runed translucent gate.
  2529 | D:3      | Found a runed translucent gate.
  2529 | D:3      | Found a runed translucent gate.
  2570 | D:3      | Reached XP level 4. HP: 23/36 MP: 5/7
  3043 | D:4      | Reached skill level 1 in Poison Magic
  3132 | D:4      | Noticed a phantom
  3145 | D:4      | Killed a phantom
  3146 | D:4      | Reached XP level 5. HP: 35/41 MP: 6/8
  3572 | D:4      | Learned a level 4 spell: Ice Form
  4141 | D:4      | Reached XP level 6. HP: 22/50 MP: 10/10
  4709 | D:4      | Found a bloodstained altar of Trog.
  4718 | D:4      | Found an ornate altar of the Wu Jian Council.
  4846 | D:5      | Entered Level 5 of the Dungeon
  4952 | D:5      | Reached skill level 1 in Ice Magic
  4991 | D:5      | Your scales start taking on a lurid green colour.
  4991 | D:5      | Reached XP level 7. HP: 19/56 MP: 11/11
  4991 | D:5      | Gained mutation: Your system is resistant to poisons.
                  | (rPois) [Green Draconian growth]
  5706 | D:6      | Reached skill level 5 in Unarmed Combat
  6480 | D:6      | Reached XP level 8. HP: 44/63 MP: 11/13
  6488 | D:6      | Reached skill level 5 in Transmutations
  6761 | D:6      | Noticed Pikel
  6788 | D:6      | Killed Pikel
  7589 | D:7      | Found a staircase to the Ecumenical Temple.
  7689 | Temple   | Entered the Ecumenical Temple
  7793 | Temple   | Became a worshipper of Ru the Awakened
  7919 | D:7      | Noticed Joseph
  7933 | D:7      | Killed Joseph
  7934 | D:7      | Reached XP level 9. HP: 50/72 MP: 11/15
  8163 | D:7      | Noticed a kobold demonologist
  8169 | D:7      | Killed a kobold demonologist
  8170 | D:7      | Reached skill level 5 in Ice Magic
  8213 | D:7      | Noticed a kobold demonologist
  8287 | D:7      | Killed a kobold demonologist
  8496 | D:7      | Reached skill level 5 in Fighting
  9455 | D:8      | Found a transporter.
  9455 | D:8      | Noticed Gastronok
  9591 | D:8      | Found a flagged portal.
  9638 | Bailey   | Entered a bailey
  9907 | Bailey   | Noticed an orc knight
  9911 | Bailey   | Reached XP level 10. HP: 74/81 MP: 15/17
  9936 | Bailey   | Reached skill level 5 in Spellcasting
  9946 | Bailey   | Killed an orc knight
  9947 | Bailey   | Reached skill level 5 in Dodging
 10437 | Bailey   | Noticed an orc knight
 10486 | Bailey   | Killed an orc knight
 10857 | D:8      | Found a transporter.
 10877 | D:8      | Found a transporter.
 11051 | D:8      | Gained mutation: You cannot study or use magical devices.
                  | [Ru sacrifice]
 11051 | D:8      | Reached * piety under Ru
 11051 | D:8      | Reached ** piety under Ru
 11067 | D:8      | Found a snail-covered altar of Cheibriados.
 11099 | D:8      | Killed Gastronok
 11329 | D:8      | Found a transporter.
 11391 | D:8      | Found a transporter.
 11473 | D:8      | Found a transporter.
 11546 | D:8      | Found Itosk's Distillery.
 11547 | D:8      | Found Doraih's Antique Weapon Shoppe.
 11549 | D:8      | Found Ampeot's Antique Armour Shoppe.
 11552 | D:8      | Bought a potion of curing for 39 gold pieces
 11552 | D:8      | Bought a potion of heal wounds for 65 gold pieces
 11552 | D:8      | Bought a potion of berserk rage for 65 gold pieces
 11553 | D:8      | Found Oruiloel's Distillery.
 11559 | D:8      | Bought a potion of degeneration for 10 gold pieces
 11624 | D:8      | Found a glowing golden altar of the Shining One.
 11624 | D:8      | Found a shimmering blue altar of Sif Muna.
 11624 | D:8      | Found a stormy altar of Qazlal.
 11670 | D:9      | Reached XP level 11. HP: 91/91 MP: 15/19
 11697 | D:9      | Found a runed translucent gate.
 11698 | D:9      | Found a runed translucent gate.
 11698 | D:9      | Found a runed translucent gate.
 11702 | D:9      | Noticed Domino's ghost (novice MiBe)
 11800 | D:9      | Noticed a two-headed ogre
 11807 | D:9      | Killed a two-headed ogre
 11929 | D:9      | You fall into a shaft and drop 3 floors!
 12481 | D:11     | Noticed a two-headed ogre
 12488 | D:11     | Killed a two-headed ogre
 12602 | D:10     | Entered Level 10 of the Dungeon
 12767 | D:9      | Noticed Erolcha
 12806 | D:10     | Noticed a two-headed ogre
 12812 | D:10     | Killed a two-headed ogre
 13113 | D:10     | Found a staircase to the Lair.
 13134 | D:10     | Reached skill level 10 in Unarmed Combat
 14244 | D:9      | Found a staircase to the Orcish Mines.
 14283 | D:9      | Gained mutation: You cannot study or cast Poison magic. [Ru
                  | sacrifice]
 14283 | D:9      | Gained mutation: You cannot study or cast Hexes magic. [Ru
                  | sacrifice]
 14283 | D:9      | Gained mutation: You cannot study or cast Conjurations
                  | magic. [Ru sacrifice]
 14283 | D:9      | Reached *** piety under Ru
 14451 | D:9      | Reached skill level 10 in Transmutations
 15042 | D:9      | Killed Erolcha
 15226 | D:10     | HP: 3/111 [vampire mosquito (5)]
 15582 | D:10     | Found a staircase to the Lair.
 16457 | D:11     | Noticed a boulder beetle
 16471 | D:11     | Killed a boulder beetle
 16472 | D:11     | Reached XP level 12. HP: 53/101 MP: 19/22
 16735 | D:11     | Found Irhoi's Assorted Antiques.
 17322 | Lair:1   | Entered Level 1 of the Lair of Beasts
 17442 | Lair:1   | Noticed Prince Ribbit
 17461 | Lair:1   | Killed Prince Ribbit
 18794 | Lair:2   | Noticed Harold
 18815 | Lair:2   | Killed Harold
 18816 | Lair:2   | Found a transporter.
 19378 | Lair:2   | Found a transporter.
 19379 | Lair:2   | Noticed a boulder beetle
 19468 | Lair:2   | Found a staircase to the Shoals.
 21119 | Lair:4   | Found a hole to the Spider Nest.
 21487 | Lair:4   | Reached XP level 13. HP: 111/111 MP: 21/24
 22911 | Lair:5   | Gained mutation: You sometimes lose the ability to drink
                  | potions when taking damage. [Ru sacrifice]
 22911 | Lair:5   | Reached **** piety under Ru
 23592 | Lair:6   | Entered Level 6 of the Lair of Beasts
 24386 | Lair:6   | Found a runed translucent door.
 24386 | Lair:6   | Found a viscous altar of Jiyva.
 24387 | Lair:6   | Found a staircase to the Slime Pits.
 25432 | Lair:6   | Reached skill level 10 in Fighting
 26290 | Lair:6   | Noticed a fire dragon
 26669 | Lair:6   | Killed a fire dragon
 26670 | Lair:6   | Gained mutation: Your tail ends in a venomous barb. [Green
                  | Draconian growth]
 26670 | Lair:6   | Reached XP level 14. HP: 121/121 MP: 22/26
 28145 | D:12     | Found a basalt altar of Yredelemnul.
 28555 | D:13     | Found a broken altar of Ashenzari.
 28808 | D:13     | Learned a level 5 spell: Blade Hands
 29004 | D:13     | Found a gate to the Vaults.
 30427 | Orc:1    | Entered Level 1 of the Orcish Mines
 30437 | Orc:1    | Found Ynisch's Magic Scroll Boutique.
 30645 | Orc:2    | Entered Level 2 of the Orcish Mines
 31232 | Orc:1    | Noticed Jorgrun
 31243 | Orc:1    | Killed Jorgrun
 32953 | Orc:2    | Noticed Josephine
 32961 | Orc:2    | Killed Josephine
 33599 | Orc:2    | Noticed an orc warlord
 33614 | Orc:2    | Killed an orc warlord
 33617 | Orc:2    | Demolished by an orc warrior

Illustrated notes

Levels and vault maps discovered:
D:1:      dpeg_cavernosity, layout_basic, hellmonk_ecumenical_altar_zigzags
D:2:      layout_loops_cross, basic_altar
D:3:      layout_basic, gammafunk_ghost_split
D:4:      layout_basic, mainiacjoe_overflow_swirl
D:5:      layout_basic, minmay_misc_feat_rugged
D:6:      layout_loops_ring, serial_glass, glass_columns_b, glass_columns_a,
          glass_columns_b, glass_columns_a, uniq_pikel
D:7:      layout_rooms, lemuel_temple_firewalk_b, chequers_big_river,
          minmay_tree_intersection, uniq_joseph
D:8:      layout_basic, cheibriados_altar_1, gammafunk_temple_overflow_claw,
          enter_bailey_3, minmay_shop_grid_forest, serial_nicolae_subway,
          nicolae_sub_station_stone, nicolae_sub_station_crystal,
          nicolae_sub_station_metal, uniq_gastronok
D:9:      layout_loops_ring, orc_0_dummy, gammafunk_ghost_spectres,
          kennysheep_generic_room_14, uniq_erolcha
D:10:     layout_cave_pods, erik_lair_orcish_takeover
D:11:     layout_irregular_city, serial_shops, shop
D:12:     layout_stronghold, lemuel_zombie_altar_yredelemnul
D:13:     minmay_opposing_rooms, layout_long_grid, david_vaults_1,
          serial_rivers, chequers_serial_rivers_micro_b,
          chequers_serial_rivers_room_a, chequers_serial_rivers_micro_b,
          chequers_serial_rivers_micro_c, nicolae_ashenzari_panopticon
Temple:   lightli_temple_of_artemis
Lair:1:   layout_loops_ring, uniq_prince_ribbit2
Lair:2:   gammafunk_boulding_lane, layout_regular_city,
          elwin_shoals_entry_rooms, uniq_harold
Lair:3:   layout_cave_pods, serial_bayou_pond_d, infiniplex_staircase_pool
Lair:4:   layout_regular_city, hellmonk_spider_entry_life_and_decay,
          grunt_forest_small_clearings
Lair:5:   layout_layer_cave, chequers_serial_rivers_room_b, lemuel_fruit_tree
Lair:6:   hangedman_lair_caniforms_friends, layout_loops_ring,
          guppyfry_lair_end_dragon, slime_altar_2
Orc:1:    layout_caves, serial_shops, shop_scrolls, uniq_jorgrun
Orc:2:    st_orc_rangers, layout_diamond_mine, uniq_josephine

Skill      XL: |  1  2  3  4  5  6  7  8  9 10 11 12 13 14 |
---------------+-------------------------------------------+-----
Dodging        | 2 3 4 5 6 7 8 9 |  9.4
Transmutations | 3 4 6 7 8 10 11 13 14 | 14.1
Poison Magic   | 1 2 0 |  0.0
Fighting       | 2 3 4 5 6 7 9 10 | 10.9
Unarmed Combat | 4 5 6 7 9 10 12 13 14 | 14.3
Ice Magic      | 1 3 4 5 |  5.0
Spellcasting   | 3 4 5 6 7 8 9 |  9.5

Action                   |  1- 3 |  4- 6 |  7- 9 | 10-12 | 13-15 || total
-------------------------+-------+-------+-------+-------+-------++-------
Melee: Unarmed           |   126 |   125 |   276 |   568 |   684 ||  1779
       Tailslap          |    14 |     9 |     4 |     3 |    38 ||    68
       Headbutt          |    12 |     7 |       |       |       ||    19
       Kick              |    21 |    12 |       |       |       ||    33
       Punch             |     5 |     1 |     2 |     4 |    32 ||    44
 Cast: Beastly Appendage |    32 |    13 |       |       |       ||    45
       Spider Form       |       |     6 |    13 |       |       ||    19
       Ice Form          |       |       |    22 |    78 |    45 ||   145
       Blade Hands       |       |       |       |       |    32 ||    32
Invok: Sacrifice Artific |       |       |       |     1 |       ||     1
       Sacrifice Arcana  |       |       |       |     1 |       ||     1
       Draw Out Power    |       |       |       |       |     7 ||     7
       Sacrifice Drink   |       |       |       |       |     1 ||     1
       Reject Sacrifices |       |       |       |       |     1 ||     1
 Abil: Breathe Noxious F |       |       |     6 |     7 |     2 ||    15
       End Transformatio |       |       |       |     1 |       ||     1
  Use: Scroll            |     2 |     3 |     6 |     8 |     9 ||    28
       Potion            |       |     1 |       |     1 |       ||     2
 Stab: Sleeping          |     1 |       |       |       |       ||     1
       Confused          |       |       |     2 |     3 |     3 ||     8
       Invisible         |       |       |       |     2 |     8 ||    10
       Distracted        |       |       |       |     2 |     2 ||     4
       Paralysed         |       |       |       |       |     7 ||     7
Armor: Skin              |    54 |    41 |    71 |   168 |   192 ||   526
Dodge: Dodged            |   100 |    93 |   176 |   301 |   371 ||  1041
Block: Other             |       |       |    25 |   110 |   129 ||   264
       Reflection        |       |       |     1 |     4 |    20 ||    25

Table legend: (Time is in decaauts)
 A = Elapsed time spent in this place.
 B = Non-inter-level travel time spent in this place.
 C = Inter-level travel time spent in this place.
 D = Time resting spent in this place.
 E = Time spent auto-exploring this place.
 F = Levels seen in this place.
 G = Mean time per level.
                   A        B        C        D        E       F      G
               +--------+--------+--------+--------+--------+-----+--------+
         Total |  33399 |  32344 |   1055 |   2057 |  26088 |  23 | 1452.1 |
       Dungeon |  19692 |  18988 |    704 |   1627 |  15018 |  13 | 1514.8 |
        Temple |    124 |    108 |     16 |      0 |     96 |   1 |  124.0 |
          Lair |   9491 |   9244 |    247 |    208 |   8009 |   6 | 1581.8 |
  Orcish Mines |   3149 |   3062 |     87 |     38 |   2470 |   2 | 1574.5 |
        Bailey |    941 |    941 |      0 |    184 |    495 |   1 |  941.0 |
               +--------+--------+--------+--------+--------+-----+--------+

Top non-repeatable levels by time:
  Lair:6: 3188 daAuts
    D:10: 2692 daAuts
   Orc:2: 2335 daAuts
     D:7: 2004 daAuts
    D:12: 1876 daAuts
    D:13: 1848 daAuts
     D:4: 1593 daAuts
     D:8: 1444 daAuts
    D:11: 1410 daAuts
  Lair:4: 1398 daAuts
  Lair:1: 1379 daAuts
     D:6: 1346 daAuts
  Lair:5: 1310 daAuts
     D:2: 1251 daAuts
     D:5: 1201 daAuts
